Map: Darkness Sanctuary LE

Players

HellraiseR - Winner!

  • Race: Protoss Protoss
  • League: Master
  • Spawn Location: 7:00

DeMusliM

  • Race: Terran Terran
  • League: Master
  • Spawn Location: 5:00

Event: HomeStory Cup XVII

VOD

Have the link to the VOD?

Description

Time

  • Played on: June 29, 2018, 8:06 a.m.
  • Length: 5:31

All games in this series

Show
View Real Time Build Order
Export as new Build Order

HellraiseR Protoss - Winner!

Build Orders: 1 Gate Expand 

Get SALT Encoding   

  12  0:00  Probe  
  13  0:12  Probe  
  14  0:17  Pylon  
  14  0:21  Probe  
  15  0:31  Probe  
  16  0:38  Gateway  
  16  0:42  Probe  
  16  0:47  Assimilator  
  17  0:54  Probe  
  18  1:06  Probe  
  19  1:16  Zealot  
  20  1:24  Cybernetics Core  
  21  1:40  Nexus  
  21  1:43  Probe  
  21  1:52  Stalker  
  21  1:57  Pylon  
  23  2:02  Warp Gate  
  23  2:14  Assimilator  
  23  2:15  Probe  
  24  2:20  Stalker  
  26  2:27  Probe  
  27  2:39  Probe  
  28  2:50  Stalker  
  30  2:51  Probe  
  30  2:53  Probe  
  32  3:02  Probe  
  32  3:03  Probe  
  34  3:10  Probe  
  34  3:11  Probe  
  34  3:18  Probe  
  35  3:20  Probe  
  35  3:25  Twilight Council  
  35  3:26  Gateway  
  37  3:30  Probe  
  37  3:32  Probe  
  39  3:36  Gateway  
  39  3:42  Probe  
  39  3:44  Pylon  
  39  3:46  Probe  
  39  3:54  Probe  
  40  3:58  Probe  
  41  4:02  Shield Battery  
  41  4:04  Shield Battery  
  41  4:05  Sentry  
  41  4:08  Probe  
  44  4:22  Stalker  
  44  4:23  Probe  
  44  4:32  Stalker  
  44  4:34  Stalker  
  44  4:36  Probe  
  44  4:37  Probe  
  46  4:45  Stalker  
  48  4:48  Probe  
  48  4:52  Stalker  
  51  4:53  Probe  
  51  4:55  Stalker  
  51  4:59  Pylon  
  54  5:17  Probe  
  51  5:22  Stalker x3  
Show
View Real Time Build Order
Export as new Build Order

DeMusliM Terran 

Build Orders: Cyclone Opening, Gas First Reaper Expand, Reaper Expand 

Get SALT Encoding   

  12  0:00  SCV  
  13  0:12  SCV  
  14  0:17  Supply Depot  
  14  0:24  SCV  
  14  0:27  Refinery  
  15  0:39  SCV  
  16  0:44  Barracks  
  16  0:51  SCV  
  17  1:03  SCV  
  18  1:15  SCV  
  19  1:30  Orbital Command  
  19  1:37  Reaper  
  19  1:48  Command Center  
  19  1:56  SCV  
  20  2:03  Factory  
  20  2:08  SCV  
  20  2:10  Barracks Reactor  
  20  2:14  Refinery  
  21  2:21  SCV  
  22  2:24  Supply Depot  
  22  2:33  SCV  
  23  2:52  Supply Depot  
  23  2:53  Cyclone  
  26  3:00  SCV  
  26  3:02  Cyclone  
  30  3:12  SCV  
  31  3:14  Marine  
  32  3:20  Command Center  
  32  3:24  SCV  
  32  3:25  Cyclone  
  35  3:30  Supply Depot  
  35  3:32  Marine  
  36  3:36  SCV  
  37  3:50  Marine  
  37  3:52  Cyclone  
  37  3:54  SCV  
  42  3:57  Cyclone  
  45  4:05  Supply Depot  
  45  4:06  SCV  
  46  4:11  Marine  
  47  4:27  SCV  
  47  4:37  Cyclone  
  51  4:39  SCV  
  51  4:41  Orbital Command  
  51  4:42  Barracks Tech Lab  
  51  4:47  Widow Mine  
  51  4:51  SCV  
  54  5:03  SCV  
  53  5:15  SCV  
Tags
 
Add a new tag
Caveats
  • Supply blocks, unpowered buildings, or Contaminate may cause inaccurate times.
  • Supply counts are checked every 10 seconds.